 Dungeon Crawl Stone Soup version 0.28-a0-595-g9f6c0e134a (webtiles) character file.

Game seed: 10942881692935583925

28344 robertstho the Eclecticist (level 13, -10/92 HPs)
             Began as a Djinni Fire Elementalist on Oct 4, 2021.
             Was an Initiate of Gozag.
             Mangled by a polar bear (15 damage)
             ... in an ice cave.
             The game lasted 00:31:08 (18550 turns).

robertstho the Eclecticist (DjFE)                  Turns: 18550, Time: 00:31:09

Health: -10/92     AC:  6    Str:  7    XL:     13   Next: 72%
Gold:   1344       EV: 14    Int: 28    God:    Gozag SH:  0 Dex: 14

rFire   + + +      SeeInvis .   F - +7 hand axe of Hospitality {vorpal, *Slow Fly rElec rC++}
rCold   + . .      Faith    .   (no shield)
rNeg    . . .      Spirit   .   s - +2 robe {rF+}
rPois   ∞          Reflect  .   d - +0 helmet
rElec   +          Harm     .   k - +0 cloak
rCorr   .          Rampage  .   (no gloves)
Will    +....                   (boots unavailable)
Stlth   ++........              (no amulet)
HPRegen 0.25/turn               j - ring of protection from fire
MPRegen 0.00/turn               h - +6 ring of intelligence

@: frozen, gold aura, flying, very slow
A: sickness immunity, fire resistance 2, cold vulnerability 1, float, innate
caster, hp casting, extra vitality 1
a: Renounce Religion, Potion Petition, Call Merchant, Bribe Branch


You were in an ice cave.
You worshipped Gozag.
Gozag was most pleased with you.
You visited 3 branches of the dungeon, and saw 12 of its levels.
You also visited: Ice Cave.

You collected 2582 gold pieces.
You spent 523 gold pieces at shops.
You paid 715 gold pieces to Gozag.

Inventory:

Hand Weapons
 c - a +2 dagger of protection
 e - a +2 vampiric dagger
 n - a +0 dagger of venom
 F - the +7 hand axe of Hospitality (weapon) {vorpal, *Slow Fly rElec rC++}
   (You took it off an orc on level 10 of the Dungeon)

   It inflicts extra damage upon your enemies.
   rC:        It greatly protects you from cold.
   rElec:     It insulates you from electricity.
   Fly:       It grants you flight.
   *Slow:     It may slow you when you take damage.
Armour
 d - a +0 helmet (worn)
 k - a +0 cloak (worn)
 s - a +2 robe of fire resistance (worn)
 H - a +2 tower shield of cold resistance
Jewellery
 h - a +6 ring of intelligence (right hand)
 j - a ring of protection from fire (left hand)
Wands
 m - a wand of acid (5)
 t - a wand of mindburst (20)
 y - a wand of digging (5)
 E - a wand of paralysis (4)
 G - a wand of iceblast (20)
Scrolls
 a - 2 scrolls of vulnerability
 b - 2 scrolls of immolation
 f - 2 scrolls of fog
 g - 4 scrolls of teleportation
 i - a scroll of blinking
 o - 3 scrolls of enchant armour
 p - 3 scrolls of enchant weapon
 u - 2 scrolls of brand weapon
 B - a scroll of identify
 C - 2 scrolls of magic mapping
 D - 2 scrolls of summoning
Potions
 l - 2 potions of mutation
 q - 2 potions of curing
 r - 4 potions of might
 v - 2 potions of lignification
 w - a potion of degeneration {unknown}
 x - a potion of berserk rage {unknown}
 z - a potion of brilliance
 I - 2 potions of ambrosia


   Skills:
 * Level 7.9 Fighting
 + Level 0.4 Short Blades
 + Level 5.0 Dodging
 + Level 3.8 Stealth
 * Level 15.6 Spellcasting


You had 12 spell levels left.
You knew the following spells:

 Your Spells              Type           Power      Damage    Failure   Level
a - Foxfire               Conj/Fire      100%       2x1d9     0%          1
b - Scorch                Fire           100%       2d10      0%          2
c - Conjure Flame         Conj/Fire      83%        6-21      0%          3
d - Inner Flame           Hex/Fire       83%        N/A       0%          3
e - Flame Wave            Conj/Fire      83%        3d14      1%          4
f - Freeze                Ice            100%       1d11      0%          1
g - Passwall              Tmut/Erth      69%        N/A       0%          2
h - Static Discharge      Conj/Air       83%        N/A       0%          2
i - Confusing Touch       Hex            83%        N/A       0%          3
j - Fireball              Conj/Fire      41%        3d17      1%          5
k - Summon Forest         Summ/Tloc      41%        N/A       1%          5
Your spell library was empty.

Dungeon Overview and Level Annotations

Branches:
Dungeon (10/15)            Temple (1/1) D:7            Lair (1/6) D:9
    Orc (0/2) D:10          IceCv (1/1)

Altars:
Ashenzari
Cheibriados
Dithmenos
Elyvilon
Fedhas
Gozag
Hepliaklqana
Kikubaaqudgha
Makhleb
Nemelex Xobeh
Okawaru
Qazlal
Ru
Sif Muna
Trog
Uskayaw
Vehumet
Wu Jian
Xom
Yredelemnul
Zin
The Shining One

Shops:
D:1 *   D:5 ?   D:9 ?


Innate Abilities, Weirdness & Mutations

You are immune to sickness and miasma.
You are immune to poison.
Your flesh is very heat resistant. (rF++)
You are vulnerable to cold. (rC-)
You float through the air rather than walking.
You learn spells naturally, not from books.
Your magical power is your life essence.
You have superior vitality. (+4 HP)


Message History

You kill the death yak!
The ice encasing you melts away.
The polar bear is distracted by your dazzling golden aura.
Casting: Fireball (safe; 1% risk of failure)
Confirm with . or Enter, or press ? or * to list all spells.
Aiming: Fireball (safe; 1% risk of failure)
Press: ? - help, Shift-Dir - straight line, f - wolf
Aim: a wolf (almost dead)
The fireball explodes!
The fireball engulfs the wolf!!
You kill the wolf!
The fireball engulfs the polar bear!!
The polar bear is heavily wounded.
The polar bear growls angrily.
Casting: Fireball (safe; 1% risk of failure)
Confirm with . or Enter, or press ? or * to list all spells.
Aiming: Fireball (safe; 1% risk of failure)
Press: ? - help, Shift-Dir - straight line, f - polar bear
Aim: a polar bear (heavily wounded)
The fireball explodes!
The fireball engulfs the polar bear!
The polar bear is severely wounded.
A yak comes into view.
The polar bear goes berserk!
You hear a bellow!
The polar bear rages.
The ironbound frostheart calls freezing cold from the walls.
The frost grips you!! You partially resist.
* * * LOW HITPOINT WARNING * * *
You are encased in ice.
The polar bear barely misses you. The polar bear claws you.
* * * LOW HITPOINT WARNING * * *
The polar bear claws you but does no damage.
You hear an angry growl.
There is an ice covered gate leading back out of this place here.
Okay, then.
As you read the scroll of fear, it crumbles to dust.
You assume a fearsome visage.
The polar bear is unaffected.
The ironbound frostheart looks frightened!
The wolf looks frightened!
The polar bear bites you!
You die...
Your body crumbles into a pile of gold.

#.. ##.#
#..§☼○.#≈...#
.## ##
##....##.#..#
# #☼....#
.#.## #..☼..#
##.. ##§...#
#.# ##...#
##..# #.##
#@# ##h# #..#
#..# #.##
#p.# ##..#
$.# #p#


You could see an ironbound frostheart (fleeing) and a polar bear (berserk).

Vanquished Creatures
  Snorg (D:10)
  A hydra (D:8)
  An ogre mage (D:10)
  A centaur warrior (D:8)
  7 two-headed ogres
  Erica (D:9)
  6 death yaks (IceCv)
  2 ugly things
  Joseph (D:9)
  Maurice (D:9)
  An ice statue (IceCv)
  2 komodo dragons
  3 rime drakes
  11 polar bears
  Prince Ribbit (D:5)
  Sigmund (D:5)
  2 shadows
  13 yaks
  4 basilisks
  2 vampires
  2 wyverns
  A vampire mosquito (D:8)
  Grum (D:9)
  Menkaure (D:6)
  3 steam dragons
  An acid dragon (D:8)
  5 water moccasins
  10 orc warriors
  3 ice beasts
  A swamp drake (D:9)
  A sky beast (D:6)
  2 black bears (D:6)
  3 necrophages
  20 wolves
  3 ogres
  3 centaurs
  4 kobold brigands (D:8)
  4 bullfrogs
  A water moccasin zombie (D:6)
  13 killer bees
  12 wights
  13 howler monkeys
  4 centaur zombies
  8 orc priests
  3 bullfrog zombies (D:5)
  3 hounds
  2 gnoll shamans
  2 bullfrog skeletons
  2 centaur skeletons (D:7)
  An iguana (D:5)
  Natasha (thrice) (D:3)
  10 orc wizards
  2 killer bee zombies
  A howler monkey zombie (D:8)
  Robin (D:2)
  4 gnolls
  7 adders
  6 shadow imps
  2 white imps (D:7)
  2 ufetubi
  An adder skeleton (D:5)
  5 worms
  2 dart slugs
  47 orcs
  3 ball pythons (D:1)
  3 endoplasms
  A giant cockroach (D:1)
  8 goblins
  8 hobgoblins
  14 kobolds
  3 quokkas
  4 bats
  5 frilled lizards
  A goblin skeleton (D:7)
  2 goblin zombies (D:7)
  2 hobgoblin zombies (D:7)
  A kobold skeleton (D:7)
  An orc skeleton (D:7)
  An orc zombie (D:7)
  3 rats
347 creatures vanquished.

Vanquished Creatures (collateral kills)
  2 orcs (D:9)
2 creatures vanquished.

Vanquished Creatures (others)
  317 foxfires
  4 fungi (Lair:1)
  8 plants
329 creatures vanquished.

Grand Total: 678 creatures vanquished

Notes
Turn   | Place    | Note
-------+----------+-------------------------------------------
     0 | D:1      | robertstho the Djinni Fire Elementalist began the quest for
                  | the Orb.
     0 | D:1      | Reached XP level 1. HP: 15/15 MP: 0/0
   311 | D:1      | Found Plog's Assorted Antiques.
   411 | D:1      | Reached XP level 2. HP: 15/22 MP: 0/0
  1098 | D:2      | Reached skill level 3 in Spellcasting
  1142 | D:2      | Reached XP level 3. HP: 20/26 MP: 0/0
  1142 | D:2      | Learned a level 1 spell: Freeze
  1145 | D:2      | Noticed Robin
  1160 | D:2      | Killed Robin
  1287 | D:2      | Reached XP level 4. HP: 23/31 MP: 0/0
  1942 | D:2      | Found a faded altar of an unknown god.
  2669 | D:3      | Noticed Natasha
  2671 | D:3      | Killed Natasha
  2672 | D:3      | Reached skill level 4 in Spellcasting
  2672 | D:3      | Reached XP level 5. HP: 32/36 MP: 0/0
  2672 | D:3      | Learned a level 2 spell: Passwall
  2797 | D:3      | Noticed Natasha
  2805 | D:3      | Killed Natasha
  2806 | D:3      | Reached skill level 1 in Fighting
  2810 | D:3      | Noticed Natasha
  2814 | D:3      | Killed Natasha
  3212 | D:3      | Found an ornate altar of the Wu Jian Council.
  3677 | D:4      | Reached XP level 6. HP: 34/43 MP: 0/0
  3840 | D:4      | Found a stormy altar of Qazlal.
  3874 | D:4      | Noticed an ogre
  3877 | D:4      | Killed an ogre
  3998 | D:4      | Found a bloodstained altar of Trog.
  4036 | D:4      | Reached skill level 5 in Spellcasting
  4036 | D:4      | Reached XP level 7. HP: 43/49 MP: 0/0
  4036 | D:4      | Learned a level 2 spell: Static Discharge
  4400 | D:5      | Entered Level 5 of the Dungeon
  5330 | D:4      | Reached skill level 6 in Spellcasting
  5559 | D:5      | Reached XP level 8. HP: 47/55 MP: 0/0
  5819 | D:5      | Noticed Sigmund
  5827 | D:5      | Killed Sigmund
  6227 | D:5      | Found Loatiat's Magic Scroll Boutique.
  6241 | D:5      | Reached skill level 7 in Spellcasting
  6302 | D:5      | Bought a scroll of vulnerability for 90 gold pieces
  6302 | D:5      | Bought a scroll of immolation for 42 gold pieces
  6302 | D:5      | Bought a scroll of fear for 42 gold pieces
  6302 | D:5      | Bought a scroll of identify for 24 gold pieces
  6302 | D:5      | Bought a scroll of identify for 24 gold pieces
  6350 | D:5      | Noticed Prince Ribbit
  6366 | D:5      | Killed Prince Ribbit
  6661 | D:6      | Reached XP level 9. HP: 31/61 MP: 0/0
  6661 | D:6      | Learned a level 3 spell: Confusing Touch
  6706 | D:6      | Reached skill level 8 in Spellcasting
  7093 | D:6      | Noticed Menkaure
  7098 | D:6      | Killed Menkaure
  7228 | D:6      | Found a glowing silver altar of Zin.
  7648 | D:6      | Found a burning altar of Makhleb.
  8010 | D:7      | Reached skill level 9 in Spellcasting
  8181 | D:7      | Found a glowing golden altar of the Shining One.
  8206 | D:7      | Reached XP level 10. HP: 40/69 MP: 0/0
  8573 | D:7      | Reached skill level 10 in Spellcasting
  9102 | D:7      | Found a staircase to the Ecumenical Temple.
  9320 | Temple   | Entered the Ecumenical Temple
  9380 | Temple   | Became a worshipper of Gozag Ym Sagoz the Greedy
 10088 | D:8      | Identified the +4 ring mail "Kihusuon" {Harm rElec Dex+6
                  | Slay-5}
 10178 | D:8      | Reached skill level 5 in Fighting
 10616 | D:8      | Noticed a centaur warrior
 10621 | D:8      | Killed a centaur warrior
 10622 | D:8      | Reached skill level 11 in Spellcasting
 10624 | D:8      | Reached XP level 11. HP: 56/76 MP: 0/0
 10624 | D:8      | Learned a level 5 spell: Fireball
 10652 | D:8      | Noticed an eight-headed hydra
 10767 | D:8      | Killed an eight-headed hydra
 11221 | D:8      | Noticed a green ugly thing
 11229 | D:8      | Killed a green ugly thing
 11477 | D:8      | Noticed a two-headed ogre
 11480 | D:8      | Killed a two-headed ogre
 11741 | D:8      | Reached skill level 12 in Spellcasting
 12468 | D:9      | Noticed Maurice
 12473 | D:9      | Killed Maurice
 12764 | D:9      | Found a staircase to the Lair.
 12927 | D:9      | Noticed Joseph
 12932 | D:9      | Killed Joseph
 12937 | D:9      | Noticed Erica
 12942 | D:9      | Killed Erica
 13573 | D:9      | Reached XP level 12. HP: 33/84 MP: 0/0
 13983 | D:9      | Noticed Grum
 13985 | D:9      | Killed Grum
 14011 | D:9      | Reached skill level 13 in Spellcasting
 14615 | D:9      | Found a broken altar of Ashenzari.
 14615 | D:9      | Found a shimmering altar of Xom.
 14733 | D:9      | Found a shadowy altar of Dithmenos.
 14738 | D:9      | Bought a scroll of fear for 38 gold pieces
 14738 | D:9      | Bought a scroll of identify for 22 gold pieces
 14738 | D:9      | Bought a scroll of magic mapping for 38 gold pieces
 14738 | D:9      | Bought a scroll of identify for 22 gold pieces
 14738 | D:9      | Bought a scroll of amnesia for 38 gold pieces
 14738 | D:9      | Bought a scroll of teleportation for 33 gold pieces
 14738 | D:9      | Bought a scroll of fog for 22 gold pieces
 14738 | D:9      | Bought a scroll of identify for 22 gold pieces
 14738 | D:9      | Bought 3 scrolls of identify for 66 gold pieces
 14764 | D:10     | Entered Level 10 of the Dungeon
 14769 | D:10     | Noticed a two-headed ogre
 14771 | D:10     | Noticed a two-headed ogre
 14773 | D:10     | Killed a two-headed ogre
 14773 | D:10     | Noticed an ogre mage
 14774 | D:10     | Killed a two-headed ogre
 14777 | D:10     | Killed an ogre mage
 14777 | D:10     | Noticed a two-headed ogre
 14779 | D:10     | Noticed a two-headed ogre
 14780 | D:10     | Killed a two-headed ogre
 14784 | D:10     | Killed a two-headed ogre
 15247 | D:10     | Noticed a two-headed ogre
 15429 | D:10     | Killed a two-headed ogre
 15435 | D:10     | Noticed a two-headed ogre
 15438 | D:10     | Killed a two-headed ogre
 15439 | D:10     | Reached skill level 14 in Spellcasting
 15690 | D:10     | Noticed Snorg
 15694 | D:10     | Killed Snorg
 16147 | D:10     | Identified the +7 hand axe of Hospitality {vorpal, *Slow
                  | Fly rElec rC++}
 16381 | D:10     | Found a staircase to the Orcish Mines.
 16744 | Lair:1   | Entered Level 1 of the Lair of Beasts
 16852 | Lair:1   | Reached XP level 13. HP: 79/90 MP: 0/0
 16852 | Lair:1   | Learned a level 5 spell: Summon Forest
 16910 | Lair:1   | Found a frozen archway.
 16929 | IceCv    | Entered an ice cave
 17517 | IceCv    | Reached skill level 15 in Spellcasting
 18325 | IceCv    | Reached skill level 5 in Dodging
 18538 | IceCv    | Noticed an ironbound frostheart
 18540 | IceCv    | Noticed an ironbound frostheart
 18550 | IceCv    | Mangled by a polar bear

Illustrated notes

Levels and vault maps discovered:
D:1:      dpeg_arrival_connections, layout_rooms, serial_shops, shop_fountains
D:2:      layout_loops_ring, shapermc_ecumenical_altar_totnotflames,
          due_unseen_surprise, uniq_robin
D:3:      layout_basic, nicolae_wu_jian_immortal_techniques, st_stairs_9,
          uniq_natasha
D:4:      layout_gridville, grunt_qazlal_clouds, lemuel_crystal_altar
D:5:      layout_basic, minmay_shop_grid_forest, kennysheep_generic_room_8,
          uniq_sigmund, uniq_prince_ribbit1
D:6:      layout_gridville, mainiacjoe_overflow_paths,
          mainiacjoe_overflow_alcove_4, uniq_menkaure
D:7:      layout_cave_pools, marbit_many_paths, nicolae_tso_besieged_by_evil,
          minmay_temple_entry_nine_rooms, minmay_microvault
D:8:      nzn_winding_woodlands_medium [nzn_winding_woodlands_5x5_checkerboard,
          nzn_winding_woodlands_5x15_cabin, nzn_winding_woodlands_5x5_perimeter,
          nzn_winding_woodlands_hourglass,
          nzn_winding_woodlands_center_pierced_h,
          nzn_winding_woodlands_5x5_three,
          nzn_winding_woodlands_5x5_closed_star,
          nzn_winding_woodlands_5x15_zeroes,
          nzn_winding_woodlands_5x5_open_star], layout_cave_pods, minivault_25
D:9:      layout_loops_ring, grunt_dithmenos_shadows, amcnicky_altar_gilded,
          gammafunk_temple_overflow_wave, erik_lair_dragon, special_room
          [special_room_orc], uniq_erica, uniq_grum, uniq_maurice, uniq_joseph
D:10:     layout_basic, lemuel_tele_altar, david_orc_4, uniq_snorg
Temple:   zaba_magenta_temple
Lair:1:   layout_small_grid, portal_ice_cave_rime, lemuel_fruit_tree
IceCv:    ice_cave_caverns_03

Skill      XL: |  1  2  3  4  5  6  7  8  9 10 11 12 13 |
---------------+----------------------------------------+-----
Spellcasting   | 3 4 5 6 7 9 11 12 14 15 | 15.6
Fighting       | 1 2 3 4 5 6 7 |  7.9
Stealth        | 2 3 |  3.8
Dodging        | 3 4 5 |  5.0
Short Blades   | |  0.4

Action                   |  1- 3 |  4- 6 |  7- 9 | 10-12 | 13-15 || total
-------------------------+-------+-------+-------+-------+-------++-------
Melee: Unarmed           |     1 |       |       |       |       ||     1
       Dagger            |       |    22 |    26 |    36 |       ||    84
 Cast: Foxfire           |    52 |     6 |    32 |    93 |       ||   183
       Scorch            |    12 |    58 |   109 |    58 |     2 ||   239
       Flame Wave        |       |       |     8 |    14 |     9 ||    31
       Fireball          |       |       |       |   128 |    56 ||   184
       Confusing Touch   |       |       |       |     2 |       ||     2
Invok: Call Merchant     |       |       |       |     1 |       ||     1
Evoke: Wand              |       |       |       |     2 |       ||     2
  Use: Potion            |     2 |       |       |     5 |       ||     7
       Scroll            |       |       |     6 |    12 |     1 ||    19
 Stab: Sleeping          |       |       |     1 |     1 |       ||     2
Armor: Robe              |     2 |     9 |    24 |    29 |     5 ||    69
Dodge: Dodged            |     7 |    27 |    55 |    62 |    10 ||   161

Table legend: (Time is in decaauts)
 A = Elapsed time spent in this place.
 B = Non-inter-level travel time spent in this place.
 C = Inter-level travel time spent in this place.
 D = Time resting spent in this place.
 E = Time spent auto-exploring this place.
 F = Levels seen in this place.
 G = Mean time per level.
                   A        B        C        D        E       F      G
               +--------+--------+--------+--------+--------+-----+--------+
         Total |  18534 |  18075 |    459 |   2528 |  13497 |  13 | 1425.7 |
       Dungeon |  16650 |  16209 |    441 |   2197 |  12193 |  10 | 1665.0 |
        Temple |     77 |     60 |     17 |      0 |     50 |   1 |   77.0 |
          Lair |    185 |    185 |      0 |      0 |     95 |   1 |  185.0 |
      Ice Cave |   1620 |   1620 |      0 |    331 |   1159 |   1 | 1620.0 |
               +--------+--------+--------+--------+--------+-----+--------+

Top non-repeatable levels by time:
     D:8: 2898 daAuts
     D:9: 2586 daAuts
     D:5: 1798 daAuts
   IceCv: 1620 daAuts
    D:10: 1565 daAuts
     D:6: 1520 daAuts
     D:7: 1470 daAuts
     D:4: 1388 daAuts
     D:2: 1208 daAuts
     D:3: 1117 daAuts
     D:1: 1096 daAuts
  Lair:1: 185 daAuts
  Temple: 77 daAuts
